 Dungeon Crawl Stone Soup version 0.31-a0-431-g88bdf31460 (webtiles) character file.

Game seed: 17535043550224597508

30 drugrobin the Sneak (level 2, -1/25 HPs)
             Began as a Demigod Delver on July 31, 2023.
             Slain by an orc
             ... wielding a +2 mace of protection
              (7 damage)
             ... on level 5 of the Dungeon.
             The game lasted 00:03:58 (585 turns).

drugrobin the Sneak (Demigod Delver)                 Turns: 585, Time: 00:03:58

Health: -1/25      AC:  3    Str: 13    XL:     2   Next: 87%
Magic:  4/4        EV: 11    Int: 12    God:
Gold:   18         SH:  0    Dex: 15    Spells: 1/1 levels left

rFire   . . .        a - +0 hand axe
rCold   . . .        (no shield)
rNeg    . . .        b - +0 leather armour
rPois   .            (no helmet)
rElec   .            (no cloak)
rCorr   .            (no gloves)
SInv    .            (no boots)
Will    +....        (no amulet)
Stlth   +            (no ring)
HPRegen 0.24/turn    (no ring)
MPRegen 0.09/turn

%: no passive effects
@: confused, enlightened, flying
A: high MP 1, forlorn, divine attributes
a: no special abilities


You were on level 5 of the Dungeon.
You visited 1 branch of the dungeon, and saw 2 of its levels.
You also visited: Sewer.

You collected 18 gold pieces.

Inventory:

Hand Weapons
 a - a +0 hand axe (weapon)
Armour
 b - a +0 leather armour (worn)
 m - a +0 ring mail
Scrolls
 c - a scroll of fog
 f - 2 scrolls of teleportation {unknown}
 h - 2 scrolls of identify {unknown}
 k - a scroll of noise {unknown}


   Skills:
 - Level 2.6 Fighting
 + Level 3.2 Axes
 - Level 1.7 Dodging
 - Level 4.5 Stealth


You had one spell level left.
You didn't know any spells.
Your spell library contained the following spells:

 Spells                   Type           Power      Damage    Failure   Level
 Necrotise                Necr           0%         1d4       38%         1
 Vampiric Draining        Necr           0%         2d6       77%         3
 Agony                    Necr           0%         N/A       100%        5


Dungeon Overview and Level Annotations

Branches:
Dungeon (6/15)              Sewer (visited)
 Temple: D:4-7

Annotations:
D:5 exclusions: black bear and ice beast


Innate Abilities, Weirdness & Mutations

You have an increased reservoir of magic. (+10% MP)
You shall have no god before yourself.
Your divine heritage dramatically boosts your attributes as you level up.


Message History

It was a potion of curing.
You feel better.
The orc hits you with a +2 mace of protection.
* * * LOW HITPOINT WARNING * * *
Unknown command.
Unknown command.
Unknown command.
Unknown command.
Okay, then.
Okay, then.
Okay, then.
It was a potion of enlightenment.
You feel very buoyant.
You fly up into the air.
The orc seems to regain its courage.
The orc hits you but does no damage.
Unknown command.
Unknown command.
It was a potion of heal wounds.
You feel much better. The orc misses you.
Unknown command.
The orc attacks as you move away!
The orc hits you with a +2 mace of protection!
The orc attacks as you move away!
The orc hits you with a +2 mace of protection.
Aiming: Dig
Press: ? - help, Shift-Dir - straight line You can't see that place. [the floor.]
The rock shatters into small pieces.
The now-empty wand crumbles to dust.
The orc seems to regain its courage.
The orc hits you with a +2 mace of protection!
* * * LOW HITPOINT WARNING * * *
Unknown command.
Unknown command.
The orc seems to regain its courage.
You hear some strange, mumbled words.
You are confused.
Unknown command.
Unknown command.
You're too confused to move!
The orc hits you with a +2 mace of protection!
You die...

***#[....Y#
#....#.#########
***#.#.####.##.#.#########
#.#.......#.#.#########
#.######..#...#########
#....#....#.###########
#.##.#....#.###########
####.##.#.######
#....#o..oo.#
######@####.# #.#####.#
#.o....o# #.####.##
..*##.## ..##.## #.<#.##
###.## #.##


You could see 3 orcs.

Vanquished Creatures
  An adder (D:6)
  A river rat (Sewer)
  4 orcs (D:5)
  5 rats (Sewer)
11 creatures vanquished.

Vanquished Creatures (others)
  A hound (D:5)
1 creature vanquished.

Grand Total: 12 creatures vanquished

Notes
Turn   | Place    | Note
-------+----------+-------------------------------------------
     0 | D:5      | drugrobin the Demigod Delver began the quest for the Orb.
     0 | D:5      | Reached XP level 1. HP: 18/18 MP: 3/3
    20 | D:5      | Noticed a hound
    24 | D:5      | Killed a hound
    46 | D:5      | Noticed a black bear
    87 | D:5      | Noticed an ice beast
   144 | D:6      | Noticed an ogre
   155 | D:6      | Found a glowing drain.
   162 | Sewer    | Entered a sewer
   205 | Sewer    | Reached XP level 2. HP: 25/25 MP: 4/4
   573 | D:5      | HP: 1/25 [orc/+2 mace of protection (8)]
   585 | D:5      | Slain by an orc

Illustrated notes

Levels and vault maps discovered:
D:5:      layout_basic, tgw_trog, serial_shops, shop, lemuel_flamethrower_2,
          uniq_edmund, uniq_prince_ribbit1, uniq_ijyb, uniq_eustachio
D:6:      layout_rooms, nicolae_hepliaklqana_monster_ancestors,
          kennysheep_little_box, portal_sewer_entry_d

Skill      XL: |  1  2 |
---------------+-------+-----
Axes           | 2 3 |  3.2
Fighting       | |  2.6
Dodging        | |  1.7
Stealth        | |  4.5

Action                     || total
---------------------------++-------
  Melee: Hand axe          ||    33
  Evoke: Wand              ||     3
    Use: Scroll            ||     3
         Potion            ||     4
   Stab: Sleeping          ||     1
 Armour: Leather armour    ||     6
  Dodge: Dodged            ||    27

Table legend: (Time is in decaauts)
 A = Elapsed time spent in this place.
 B = Non-inter-level travel time spent in this place.
 C = Inter-level travel time spent in this place.
 D = Time resting spent in this place.
 E = Time spent auto-exploring this place.
 F = Levels seen in this place.
 G = Mean time per level.
                   A        B        C        D        E       F      G
               +--------+--------+--------+--------+--------+-----+--------+
         Total |    589 |    580 |      9 |    110 |     61 |   3 |  196.3 |
       Dungeon |    475 |    466 |      9 |    108 |     47 |   2 |  237.5 |
         Sewer |    114 |    114 |      0 |      2 |     14 |   1 |  114.0 |
               +--------+--------+--------+--------+--------+-----+--------+

Top non-repeatable levels by time:
     D:5: 367 daAuts
   Sewer: 114 daAuts
     D:6: 108 daAuts
